 Dungeon Crawl Stone Soup version 0.25-a0-597-gb30770a (webtiles) character file.

Game seed: 18257133286522542983, levelgen mode: deterministic

95 Faels the Twirler (level 4, 0/28 HPs)
             Began as a Kobold Gladiator on Mar 14, 2020.
             Slain by a gnoll
             ... wielding a +0 flail
              (4 damage)
             ... on level 3 of the Dungeon.
             The game lasted 00:05:39 (2677 turns).

Faels the Twirler (Kobold Gladiator)                Turns: 2677, Time: 00:05:40

Health: 0/28       AC:  4    Str: 12    XL:     4   Next: 97%
Magic:  4/4        EV: 16    Int:  9    God:
Gold:   77         SH:  0    Dex: 16    Spells: 3/3 levels left

rFire    . . .     SeeInvis .   a - +0 quarterstaff
rCold    . . .     Gourm    .   (shield currently unavailable)
rNeg     . . .     Faith    .   b - +0 leather armour
rPois    .         Spirit   .   c - +0 helmet
rElec    .         Reflect  .   (no cloak)
rCorr    .         Harm     .   (no gloves)
MR       .....                  (no boots)
Stlth    ++........             (no amulet)
HPRegen  0.09/turn              (no ring)
MPRegen  0.09/turn              (no ring)

@: about to teleport
A: small, carnivore
a: no special abilities


You were on level 3 of the Dungeon.
You were completely stuffed.

You visited 1 branch of the dungeon, and saw 3 of its levels.

You collected 77 gold pieces.

Inventory:

Hand Weapons
 a - a +0 quarterstaff (weapon)
Missiles
 d - 3 throwing nets
 k - 10 poisoned darts (quivered)
 r - 7 boomerangs
Armour
 b - a +0 leather armour (worn)
 c - a +0 helmet (worn)
Jewellery
 n - a cursed -6 ring of protection {unknown}
Scrolls
 g - a scroll of identify
 o - 2 scrolls of magic mapping
 p - a scroll of immolation {unknown}
 s - a scroll of remove curse {unknown}
Potions
 e - a potion of heal wounds {unknown}
 i - a potion of berserk rage {unknown}
 l - a potion of flight {unknown}
 q - a potion of cancellation
Comestibles
 f - 2 rations
 m - 3 chunks of flesh


   Skills:
 + Level 3.2 Fighting
 * Level 3.9 Staves
 - Level 2.1 Throwing
 - Level 3.7 Dodging
 + Level 2.0 Stealth


You had 3 spell levels left.
You didn't know any spells.
Your spell library was empty.

Dungeon Overview and Level Annotations

Branches:
Dungeon (3/15)

Altars:
Ru
Trog


Innate Abilities, Weirdness & Mutations

You are small and have problems with some larger weapons.
You are carnivorous and can eat meat at any time.


Message History

The gnoll hits you from afar with a +0 spear.
The gnoll misses you.
The gnoll hits you from afar with a +0 spear.
It was a potion of cancellation.
You feel magically purged. The gnoll barely misses you.
The gnoll closely misses you.
It was a potion of curing.
You feel better. The gnoll barely misses you.
The gnoll hits you from afar with a +0 halberd!
The gnoll closely misses you.
As you read the scroll labeled IXKIDUGAIRA, it crumbles to dust.
It is a scroll of identify.
o - 2 scrolls of magic mapping The gnoll hits you with a +0 flail.
* * * LOW HITPOINT WARNING * * *
The gnoll completely misses you.
The gnoll hits you from afar with a +0 spear.
* * * LOW HITPOINT WARNING * * *
As you read the scroll labeled PIURCH QAXURUG, it crumbles to dust.
You feel strangely unstable.
It was a scroll of teleportation.
The gnoll hits you with a +0 flail.
You die...

#g# #.# #.# ###.## #.#
#####....##
####.######....#....#
#........##...###..##
#.##.###.##..#.#..#######
#.##.........##..........
#.######.##.......#######
#.######@########.#
#.....gg.# #.# ##########
#####.# #.....#######
#.##..##.....
#.##..##.###. ###
#.##..##.###. ##.##
#.#<.........
##...#######.#....#..###


You could see 2 gnolls.

Vanquished Creatures
  3 adders
  An ooze (D:3)
  A dart slug (D:1)
  3 worms (D:2)
  A leopard gecko (D:2)
  A ball python (D:1)
  2 giant cockroaches
  7 goblins
  10 hobgoblins
  3 jackals
  A quokka (D:2)
  7 bats
  A frilled lizard (D:1)
  4 kobolds (D:1)
  8 rats
53 creatures vanquished.

Notes
Turn   | Place    | Note
-------+----------+-------------------------------------------
     0 | D:1      | Faels the Kobold Gladiator began the quest for the Orb.
     0 | D:1      | Reached XP level 1. HP: 12/12 MP: 1/1
   363 | D:1      | Reached XP level 2. HP: 16/18 MP: 2/2
   718 | D:1      | Reached XP level 3. HP: 22/22 MP: 3/3
   928 | D:2      | Found a sacrificial altar of Ru.
  1275 | D:2      | Reached skill level 1 in Stealth
  1533 | D:2      | Reached XP level 4. HP: 27/27 MP: 4/4
  1741 | D:2      | Noticed a moth of wrath
  1744 | D:2      | Found a bloodstained altar of Trog.
  2677 | D:3      | Slain by a gnoll

Levels and vault maps discovered:
D:1:      matt_arrival_spirals, layout_basic
D:2:      layout_loops_corners, nicolae_ru_sacrificial_ziggurat, tgw_trog
D:3:      layout_loops_corners, st_stairs_8

Skill      XL: |  1  2  3  4 |
---------------+-------------+-----
Staves         | 3 |  3.9
Stealth        | 1 2 |  2.0
Fighting       | 3 |  3.2
Throwing       | |  2.1
Dodging        | |  3.7

Action                   |  1- 3 |  4- 6 || total
-------------------------+-------+-------++-------
Melee: Quarterstaff      |    74 |    52 ||   126
Throw: Dart              |     2 |    10 ||    12
       Throwing net      |       |     1 ||     1
  Use: Scroll            |       |     2 ||     2
       Potion            |       |     2 ||     2
 Stab: Sleeping          |     5 |     7 ||    12
  Eat: Chunk             |    10 |     4 ||    14
Armor: Leather armour    |    15 |     5 ||    20
Dodge: Dodged            |    80 |    41 ||   121

Table legend:
 A = Non-vault XP
 B = Vault XP
 C = Vault XP percentage of total XP
 D = Non-vault monster count
 E = Vault monster count
 F = Vault count percentage of total count
                 A         B        C        D         E       F
            +---------+---------+-------+---------+---------+-------
      Total |     121 |      16 |  11.7 |      48 |       5 |   9.4
            +---------+---------+-------+---------+---------+-------
        D:1 |      35 |       0 |   0.0 |      21 |       0 |   0.0
        D:2 |      54 |      16 |  22.9 |      19 |       5 |  20.8
        D:3 |      32 |       0 |   0.0 |       8 |       0 |   0.0
            +---------+---------+-------+---------+---------+-------
